 Dungeon Crawl Stone Soup version 0.29.1-13-g9f3cf754e1 (webtiles) character file.

Game seed: 5258248660202356935

62120 bjubeck the Warrior (level 14, -18/214 HPs)
             Began as a Minotaur Berserker on Feb 7, 2023.
             Was a High Priest of Trog.
             Demolished by an orc knight
             ... wielding a +2 halberd of pain
              (22 damage)
             ... on level 2 of the Orcish Mines.
             The game lasted 01:26:32 (25458 turns).

bjubeck the Warrior (Minotaur Berserker)           Turns: 25458, Time: 01:26:33

Health: -18/214    AC: 26    Str: 27    XL:     14   Next: 63%
Magic:  0/13       EV:  7    Int:  4    God:    Trog [*****.]
Gold:   1553       SH: 13    Dex: 16    Spells: 13/13 levels left

rFire   + . .      SeeInvis .   Z - +4 broad axe (flame)
rCold   + . .      Faith    .   d - +0 kite shield
rNeg    . . .      Spirit   .   w - +2 plate armour {rPois}
rPois   +          Reflect  +   O - +0 hat
rElec   .          Harm     .   N - scarf {rC+ rF+}
rCorr   .          Rampage  .   m - +2 pair of gloves {infuse}
Will    +....                   V - +1 pair of boots
Stlth   ..........              l - amulet of reflection
HPRegen 0.45/turn               j - +6 ring of dexterity
MPRegen 0.13/turn               o - ring of flight

@: berserking (expiring), flying, very quick
A: horns 2, retaliatory headbutt
a: Renounce Religion, Berserk, Trog's Hand, Brothers in Arms


You were on level 2 of the Orcish Mines.
You worshipped Trog.
Trog was extremely pleased with you.
You visited 3 branches of the dungeon, and saw 19 of its levels.

You collected 1553 gold pieces.

Inventory:

Hand Weapons
 W - a +5 war axe of freezing
 Z - a +4 broad axe of flaming (weapon)
Missiles
 i - 14 poisoned darts (quivered)
 s - 3 boomerangs
 u - 2 atropa-tipped darts
 T - 8 curare-tipped darts
Armour
 d - a +0 kite shield (worn)
 m - a +2 pair of gloves of infusion (worn)
 w - a +2 plate armour of poison resistance (worn)
 D - a +2 chain mail of willpower
 N - a scarf of resistance (worn)
 O - a +0 hat (worn)
 V - a +1 pair of boots (worn)
Jewellery
 j - a +6 ring of dexterity (left hand)
 l - an amulet of reflection (around neck)
 o - a ring of flight (right hand)
 v - the amulet "Moujojo" {Faith -Cast rC+++ Dex-2}
   (You found it on level 3 of the Dungeon)

   [amulet of faith]

   It allows you to gain divine favour quickly.
   Dex:       It affects your dexterity (-2).
   rC:        It renders you almost immune to cold.
   -Cast:     It prevents spellcasting.
 E - a ring of protection from cold
Wands
 g - a wand of mindburst (4)
 r - a wand of charming (3)
 z - a wand of polymorph (1)
 L - a wand of digging (2)
 R - a wand of flame (30)
 X - a wand of iceblast (12)
 Y - a wand of light (4)
Scrolls
 c - 3 scrolls of blinking
 h - 2 scrolls of summoning {unknown}
 k - 5 scrolls of enchant weapon
 n - 6 scrolls of noise
 p - 10 scrolls of teleportation
 t - 2 scrolls of immolation {unknown}
 x - 2 scrolls of enchant armour
 y - 3 scrolls of poison
 A - 5 scrolls of fog
 B - 3 scrolls of fear {unknown}
 C - 4 scrolls of vulnerability
 F - a scroll of torment {unknown}
 G - 8 scrolls of magic mapping
 J - a scroll of silence {unknown}
 M - a scroll of acquirement {unknown}
 Q - 3 scrolls of brand weapon
 U - a scroll of amnesia {unknown}
Potions
 a - 5 potions of haste
 b - 2 potions of resistance
 e - 7 potions of magic
 f - 3 potions of heal wounds
 q - 3 potions of brilliance
 I - 3 potions of might
 K - a potion of cancellation
 P - 5 potions of curing
Miscellaneous
 S - a piece from Xom's chessboard (15/15)


   Skills:
 + Level 18.1 Fighting
 - Level 18.0 Axes
 + Level 18.0 Armour
 - Level 2.1 Dodging
 + Level 1.9 Shields


You had 13 spell levels left.
You didn't know any spells.
Your spell library was empty.

Dungeon Overview and Level Annotations

Branches:
Dungeon (12/15)            Temple (0/1) D:5            Lair (5/5) D:8
 Shoals (0/4) Lair:2       Spider (0/4) Lair:2        Slime (0/5) Lair:5
    Orc (2/2) D:12            Elf (0/3) Orc:2

Altars:
Ashenzari
Cheibriados
Elyvilon
Hepliaklqana
Makhleb
Okawaru
Qazlal
Ru
Wu Jian
Zin

Shops:
D:7 *   Orc:1 =*

Annotations:
Lair:1 exclusion: oklob plant


Innate Abilities, Weirdness & Mutations

You have a pair of horns on your head.
You reflexively headbutt those who attack you in melee.


Message History

You kill the orc sorcerer!
Trog accepts your kill.
Trog appreciates your killing of a magic user.
The ice devil disappears in a puff of smoke!
You slash the orc priest! You burn the orc priest.
You kill the orc priest!
Trog accepts your kill.
You slash the orc knight! You burn the orc knight.
Your Armour skill increases to level 18!
An orc comes into view. It is wielding a +0 dagger.
The orc shouts!
You hear a shout!
An orc comes into view. It is wielding a +2 vorpal falchion.
You block the orc warrior's attack. x2; The orc knight barely misses you.
The orc wizard points at you and mumbles some strange words.
The magic dart hits you but does no damage.
Items here: ( )) [[.
You closely miss the orc warrior. Your headbutt misses the orc warrior.
You hit the orc knight. You burn the orc knight. You slash the orc warrior!
You burn the orc warrior. Your headbutt misses the orc warrior.
The orc warrior is moderately wounded.
You hit the orc knight but do no damage.
The orc warrior hits you from afar with a +0 halberd.
* * * LOW HITPOINT WARNING * * *
You block the orc warrior's attack.
The orc knight hits you with a +2 halberd of pain!!
* * * LOW HITPOINT WARNING * * *
You writhe in agony.
* * * LOW HITPOINT WARNING * * *
An orc priest comes into view. It is wielding a +0 dagger.
The orc wizard gestures at you while chanting.
The puff of flame hits you but does no damage.
You completely miss the orc warrior.
The orc warrior is moderately wounded.
You hit the orc knight. You burn the orc knight.
You barely miss the orc warlord.
An orc comes into view. It is wielding a +0 flail.
You block the orc warrior's attack. The orc warrior closely misses you.
The orc knight hits you with a +2 halberd of pain!!
You die...

#.. ###.#### #..< #.#..#.###
#...... #......#.# ....$.####
###......#.##
..........##...........#
.........##.....)))....####
......$........o@o........##
..............ooo##........##
.# #..........o###.........##
.#####.....o.o.######........#
...##...))...o...##.........##
..).##)..o)).....#......#..##
..))<))...#.............#.##
..).......#..o.........####
........###..#.........#


You could see an orc warlord (strong), 2 orc knights, 2 orc warriors, an orc
priest, 3 orc wizards and 2 orcs.

Vanquished Creatures
  Gastronok (Lair:3)
  An orc warlord (Orc:1)
  A fire dragon (Lair:5)
  Josephine (Orc:1)
  Fannar (D:11)
  2 boulder beetles (Lair:5)
  9 hydras
  2 two-headed ogres (D:9)
  A catoblepas (Lair:4)
  Erica (Lair:1)
  An anaconda (Lair:5)
  The ghost of zlionsfan the Magician, a journeyman DsEn of Hepliaklqana (Lair:1)
  6 death yaks
  Sonja (Lair:1)
  Nergalle (Lair:1)
  A lindwurm (Lair:5)
  A deep elf pyromancer (D:12)
  2 orc sorcerers (Orc:2)
  An ugly thing (D:11)
  3 elephants (Lair:5)
  10 black mambas
  A manticore (Lair:5)
  3 molten gargoyles (Lair:5)
  10 cane toads
  An unseen horror (D:11)
  Joseph (Lair:1)
  2 gargoyles
  3 torpor snails
  3 rime drakes
  13 komodo dragons
  Psyche (D:11)
  The ghost of person50605 the Ducker, an amateur TrMo of Wu Jian (D:5)
  2 trolls (D:12)
  7 slime creatures (D:12)
  A tarantella (Lair:2)
  8 dream sheep
  A blink frog (Lair:3)
  6 wraiths
  52 yaks
  2 vampires
  9 wyverns
  A shadow (D:11)
  Grum (D:11)
  3 steam dragons
  6 basilisks
  3 vampire mosquitoes (D:10)
  10 water moccasins
  4 hell hounds (Lair:5)
  3 ice beasts
  3 black bears
  28 orc warriors
  5 ogres
  6 wolves
  2 centaurs (D:8)
  2 kobold brigands
  A gnoll sergeant (D:6)
  11 bullfrogs
  2 necrophages
  3 scorpions
  13 wights
  7 killer bees (D:9)
  2 howler monkeys (D:12)
  7 electric eels
  5 lava snakes (Lair:5)
  4 hounds
  Crazy Yiuf (D:3)
  9 orc priests
  15 jellies
  4 iguanas
  Terence (D:2)
  24 orc wizards
  12 gnolls
  4 adders
  4 white imps
  3 worms
  4 dart slugs
  65 orcs
  8 endoplasms
  3 giant cockroaches
  8 goblins
  8 hobgoblins
  4 quokkas
  8 ball pythons
  7 bats
  2 frilled lizards (D:2)
  16 kobolds
  5 rats
  A bush (Lair:5)
523 creatures vanquished.

Vanquished Creatures (collateral kills)
  A boulder beetle (D:12)
1 creature vanquished.

Vanquished Creatures (others)
  6 bushes
  16 fungi
  35 plants
57 creatures vanquished.

Grand Total: 581 creatures vanquished

Notes
Turn   | Place    | Note
-------+----------+-------------------------------------------
     0 | D:1      | bjubeck the Minotaur Berserker began the quest for the Orb.
     0 | D:1      | Reached XP level 1. HP: 19/19 MP: 0/0
   366 | D:1      | Found a faded altar of an unknown god.
   462 | D:1      | Reached XP level 2. HP: 26/27 MP: 1/1
  1124 | D:1      | Reached XP level 3. HP: 28/33 MP: 2/2
  1640 | D:2      | Noticed Terence
  1654 | D:2      | Killed Terence
  1655 | D:2      | Reached XP level 4. HP: 29/41 MP: 3/3
  2119 | D:2      | Found a burning altar of Makhleb.
  2194 | D:2      | Reached ** piety under Trog
  2706 | D:3      | Reached skill level 5 in Axes
  2754 | D:3      | Found a runed translucent door.
  2755 | D:3      | Noticed Crazy Yiuf
  2800 | D:2      | Reached skill level 5 in Fighting
  2800 | D:2      | Reached XP level 5. HP: 42/48 MP: 1/4
  3057 | D:3      | Identified the amulet "Moujojo" {Faith -Cast rC+++ Dex-2}
  3098 | D:3      | Found a glowing silver altar of Zin.
  3278 | D:3      | Killed Crazy Yiuf
  3431 | D:4      | Reached XP level 6. HP: 34/56 MP: 0/5
  3723 | D:4      | Reached skill level 5 in Armour
  4001 | D:4      | Reached *** piety under Trog
  4556 | D:5      | Entered Level 5 of the Dungeon
  4577 | D:5      | Reached XP level 7. HP: 63/63 MP: 0/6
  4717 | D:5      | Found a staircase to the Ecumenical Temple.
  4893 | D:5      | Found a runed translucent door.
  4893 | D:5      | Noticed person50605's ghost (amateur TrMo)
  4920 | D:5      | Killed person50605's ghost
  4932 | D:5      | Reached XP level 8. HP: 73/73 MP: 0/7
  5156 | D:5      | Found a white marble altar of Elyvilon.
  5156 | D:5      | Found an iron altar of Okawaru.
  5156 | D:5      | Found a hazy altar of Hepliaklqana.
  5969 | D:6      | Reached **** piety under Trog
  6537 | D:6      | Reached XP level 9. HP: 83/83 MP: 6/8
  6994 | D:7      | Found a sacrificial altar of Ru.
  7498 | D:7      | Found Denaip's Assorted Antiques.
  8378 | D:8      | Reached skill level 10 in Fighting
  8378 | D:8      | Reached skill level 10 in Axes
  8562 | D:8      | Reached ***** piety under Trog
  8563 | D:8      | Reached skill level 10 in Armour
  8588 | D:8      | Found a staircase to the Lair.
  9278 | D:9      | Reached XP level 10. HP: 84/94 MP: 3/9
  9310 | D:9      | Noticed a two-headed ogre
  9320 | D:9      | Killed a two-headed ogre
  9777 | D:9      | Noticed a two-headed ogre
  9782 | D:9      | Killed a two-headed ogre
  9854 | D:9      | Noticed a four-headed hydra
  9875 | D:9      | Killed a ten-headed hydra
 10115 | D:9      | Found a stormy altar of Qazlal.
 10118 | D:9      | Found a snail-covered altar of Cheibriados.
 10409 | D:10     | Entered Level 10 of the Dungeon
 11390 | D:11     | Noticed Grum
 11399 | D:11     | Killed Grum
 11399 | D:11     | Received a gift from Trog
 11605 | D:11     | Reached XP level 11. HP: 90/104 MP: 7/10
 12014 | D:11     | Noticed Fannar
 12027 | D:11     | Killed Fannar
 12120 | D:11     | Noticed Psyche
 12188 | D:11     | Killed Psyche
 12248 | D:11     | Noticed a red ugly thing
 12270 | D:11     | Killed a red ugly thing
 12477 | D:11     | You are sucked into a shaft and drop 1 floor!
 12477 | D:12     | Found a staircase to the Orcish Mines.
 12497 | D:12     | Noticed a boulder beetle
 12524 | Orc:1    | Entered Level 1 of the Orcish Mines
 12530 | D:12     | Killed a boulder beetle
 13220 | Lair:1   | Entered Level 1 of the Lair of Beasts
 13225 | Lair:1   | Noticed Sonja
 13233 | Lair:1   | Killed Sonja
 13295 | Lair:1   | Noticed Erica
 13297 | Lair:1   | Noticed Nergalle
 13592 | Lair:1   | Killed Erica
 13595 | Lair:1   | Killed Nergalle
 13689 | Lair:1   | Noticed an oklob plant
 13691 | Lair:1   | Noticed a death yak
 13692 | Lair:1   | Noticed a death yak
 13692 | Lair:1   | Noticed a death yak
 13717 | Lair:1   | Killed a death yak
 13717 | Lair:1   | Noticed a death yak
 13719 | Lair:1   | Killed a death yak
 13864 | Lair:1   | Noticed a death yak
 13866 | Lair:1   | Noticed a death yak
 13867 | Lair:1   | Killed a death yak
 13880 | D:8      | Killed a death yak
 13881 | D:8      | Reached XP level 12. HP: 77/116 MP: 0/11
 13888 | D:8      | Killed a death yak
 14071 | Lair:1   | Killed a death yak
 14252 | Lair:1   | Noticed Joseph
 14257 | Lair:1   | Killed Joseph
 14862 | Lair:1   | Found a broken altar of Ashenzari.
 15123 | Lair:1   | Found a runed translucent door.
 15127 | Lair:1   | Noticed zlionsfan's ghost (journeyman DsEn)
 15139 | Lair:1   | Killed zlionsfan's ghost
 15397 | Lair:2   | Reached skill level 15 in Axes
 15524 | Lair:2   | Reached skill level 15 in Fighting
 15711 | Lair:2   | Found a hole to the Spider Nest.
 16094 | Lair:2   | Found a staircase to the Shoals.
 16102 | Lair:2   | Reached skill level 15 in Armour
 17038 | Lair:3   | Reached XP level 13. HP: 115/127 MP: 6/12
 17513 | Lair:3   | Noticed Gastronok
 17539 | Lair:3   | Killed Gastronok
 19428 | Lair:5   | Entered Level 5 of the Lair of Beasts
 20571 | Lair:5   | Reached ****** piety under Trog
 20575 | Lair:5   | Received a gift from Trog
 20790 | Lair:5   | Found a large runed translucent door.
 20790 | Lair:5   | Found a large runed translucent door.
 20808 | Lair:5   | Reached XP level 14. HP: 95/140 MP: 4/13
 21651 | Lair:5   | Found a staircase to the Slime Pits.
 21762 | Lair:5   | Received a gift from Trog
 23983 | D:12     | Found an ornate altar of the Wu Jian Council.
 24303 | Orc:1    | Noticed an orc warlord
 24331 | Orc:1    | Killed an orc warlord
 24339 | Orc:1    | Noticed Josephine
 24470 | Orc:1    | Killed Josephine
 24928 | Orc:1    | Found Uheompen's Jewellery Boutique.
 24928 | Orc:1    | Found Logint's CLEARANCE SALE!.
 25220 | Orc:2    | Entered Level 2 of the Orcish Mines
 25220 | Orc:2    | Found a staircase to the Elven Halls.
 25424 | Orc:2    | Paralysed by an orc sorcerer for 4 turns
 25431 | Orc:2    | Reached skill level 1 in Shields
 25446 | Orc:2    | Noticed an orc warlord
 25457 | Orc:2    | HP: 6/214 [orc knight/+2 halberd of pain (29)]
 25458 | Orc:2    | Demolished by an orc knight

Illustrated notes

Levels and vault maps discovered:
D:1:      dpeg_arrival_tiny_i, layout_loops_corners,
          ebering_ecumenical_altar_box, minmay_door_square, roderic_lattice_a,
          glass_columns_b, chequers_arboretum
D:2:      minmay_alternating_diamond, layout_basic, basic_altar,
          feat_on_display, uniq_terence
D:3:      layout_rooms, zin_academy, st_stairs_13, uniq_crazy_yiuf_cottage
D:4:      layout_basic, grunt_decor_cap
D:5:      layout_basic, gammafunk_temple_overflow_claw,
          minmay_temple_entry_statues_pillars, hellmonk_ghost_happy_afterlife
D:6:      layout_loops_ring
D:7:      layout_gridville, lemuel_crystal_altar, serial_shops,
          nicolae_take_the_stairs
D:8:      layout_loops_cross, lair_entry_dummy, minmay_fractal_squares_5
D:9:      layout_rooms, nicolae_overflow_squiral, enter_bailey_5
D:10:     layout_basic
D:11:     layout_loops_ring, grunt_decor_junction, uniq_fannar, uniq_grum,
          uniq_psyche
D:12:     layout_cave_pods, minmay_orc_entry_temple_small, serial_park,
          serial_park_avenue1, serial_park_square2,
          pdpol_wu_jian_five_deadly_venoms
Lair:1:   layout_gridlike, basic_altar, ebering_ghost_reflecting_pool,
          nicolae_lair_lil_pond, beast_lair_carwin_5, uniq_erica, uniq_joseph,
          uniq_sonja, uniq_nergalle
Lair:2:   layout_chaotic_city, elwin_shoals_entry_rooms,
          spider_nest_entry_rubble
Lair:3:   layout_gridlike, serial_bayou_pond_b, uniq_gastronok
Lair:4:   layout_loops_ring, serial_bayou_lagoon_b
Lair:5:   cheibrodos_lair_end_hotspot, layout_cave_pods,
          minmay_slime_entry_jelly_boxes, minmay_stone_trees_small,
          minmay_shattered_shrine
Orc:1:    layout_diamond_mine, serial_shops, shop, nicolae_shop_clearance,
          uniq_josephine
Orc:2:    st_orc_congregation, layout_diamond_mine

Skill      XL: |  1  2  3  4  5  6  7  8  9 10 11 12 13 14 |
---------------+-------------------------------------------+-----
Fighting       | 4 5 6 7 9 10 12 13 15 17 18 | 18.1
Axes           | 4 5 6 7 9 10 12 13 15 17 18 | 18.0
Armour         | 3 4 5 6 8 10 12 13 15 16 18 | 18.0
Shields        | 1 |  1.9
Dodging        | |  2.1

Action                   |  1- 3 |  4- 6 |  7- 9 | 10-12 | 13-15 || total
-------------------------+-------+-------+-------+-------+-------++-------
Melee: Hand axe          |    67 |   118 |   266 |    23 |       ||   474
       Headbutt          |     7 |    22 |    55 |    57 |   124 ||   265
       Punch             |       |     1 |     8 |     4 |     5 ||    18
       War axe           |       |       |       |   112 |    91 ||   203
       Broad axe         |       |       |       |   235 |   399 ||   634
Throw: Boomerang         |       |     1 |    88 |   114 |       ||   203
       Dart              |       |       |       |     6 |   154 ||   160
Invok: Berserk           |     2 |     1 |     5 |     6 |     7 ||    21
       Trog's Hand       |       |       |     1 |     1 |     1 ||     3
       Brothers in Arms  |       |       |       |     2 |       ||     2
  Use: Scroll            |       |       |       |     1 |    22 ||    23
       Potion            |       |       |       |       |     1 ||     1
Armor: Chain mail        |    34 |    60 |   124 |   190 |   152 ||   560
       Plate armour      |       |       |       |       |    43 ||    43
Dodge: Dodged            |    37 |    54 |    96 |   128 |   174 ||   489
Block: Kite shield       |       |       |       |       |    26 ||    26
       Other             |       |       |       |       |     8 ||     8
